 Dungeon Crawl Stone Soup version 0.32-a0-377-g951292165a (webtiles) character file.

Game seed: 16367128670675130392

488463 Kenran the Slayer (level 25, -3/223 HPs)
             Began as a Coglin Gladiator on Feb 19, 2024.
             Was the Champion of Trog.
             Killed from afar by an oklob plant (14 damage)
             ... with a splash of acid
             ... on level 4 of the Abyss.
             The game lasted 02:03:07 (47774 turns).

Kenran the Slayer (Coglin Gladiator)               Turns: 47774, Time: 02:03:07

Health: -3/223     AC: 16    Str: 16    XL:     25   Next: 0%
Magic:  23/23      EV: 39    Int:  5    God:    Trog [******]
Gold:   2001       SH:  0    Dex: 34    Spells: 24/24 levels left

rFire   + . .        K - +9 double sword (freeze) {Jia}
rCold   + + .        a - +9 demon blade (antimagic) {Qiuyue}
rNeg    + + .        y - +7 swamp dragon scales
rPois   +            E - +1 hat of Truth {rElec rN+ Will++ Regen+}
rElec   +            F - +3 cloak of a volcano {rC++}
rCorr   .            n - +2 pair of gloves {Dex+3}
SInv    .            V - +2 pair of boots
Will    +++++        Q - amulet of regeneration
Stlth   ++           e - ring of Vidwoug {rPois rF+ rN+}
HPRegen 3.17/turn    W - +6 ring of dexterity
MPRegen 0.18/turn

%: no passive effects
@: strong-willed, corroded, on berserk cooldown, regenerating, stiff-legged,
very slow
A: off-hand wielding, slow wielding, warmup strikes, warmup strides, [dopey 2],
[subdued magic 1]
}: 2/15 runes: serpentine, barnacled
a: Renounce Religion, Berserk, Trog's Hand, Brothers in Arms


You were on level 4 of the Abyss.
You worshipped Trog.
Trog was exalted by your worship.
You visited 9 branches of the dungeon, and saw 42 of its levels.
You visited the Abyss 2 times.
You also visited: Wizlab.

You collected 6164 gold pieces.
You spent 4163 gold pieces at shops.

Inventory:

Hand Weapons
 a - a +9 antimagic demon blade (worn) {Qiuyue}
 K - a +9 double sword of freezing (weapon) {Jia}
 Z - the +9 sword of Zonguldrok {reap}
   (You took it off an antique champion in a wizard's laboratory)
Missiles
 d - 10 throwing nets (quivered)
 M - 10 curare-tipped darts
Armour
 n - a +2 pair of gloves of dexterity (worn)
 y - +7 swamp dragon scales (worn)
 E - the +1 hat of Truth (worn) {rElec rN+ Will++ Regen+}
   (You found it on level 4 of the Depths)

   rElec:     It insulates you from electricity.
   rN+:       It protects you from negative energy.
   Will++:    It greatly increases your willpower.
   Regen+:    It increases your rate of health regeneration.
 F - the +3 cloak of a volcano (worn) {rC++}
   (You acquired it on level 3 of the Depths)

   rC++:      It greatly protects you from cold.
 V - a +2 pair of boots (worn)
Jewellery
 e - the ring of Vidwoug (left grasper) {rPois rF+ rN+}
   (You bought it in a shop on level 3 of the Snake Pit)

   [ring of protection from fire]

   rF+:       It protects you from fire.
   rPois:     It protects you from poison rN+: It protects you from negative
   energy.
 l - a ring of protection from cold
 t - the ring of the Scarab {rElec rN+ Will+ Int+3 Dex-3}
   (You bought it in a shop on level 3 of the Snake Pit)

   [ring of willpower]

   Int+3:     It affects your intelligence (+3).
   Dex-3:     It affects your dexterity (-3).
   rElec:     It insulates you from electricity.
   rN+:       It protects you from negative energy.
   Will+:     It increases your willpower.
 w - the ring "Maitz" {rCorr SInv}
   (You found it on level 2 of the Elven Halls)

   [ring of see invisible]

   SInv:      It lets you see invisible.
   rCorr:     It protects you from acid and corrosion.
 Q - an amulet of regeneration (around neck)
 W - a +6 ring of dexterity (right grasper)
Wands
 i - a wand of light (24)
 G - a wand of mindburst (23)
 L - a wand of iceblast (39)
 S - a wand of digging (6)
Scrolls
 b - 9 scrolls of poison {!r}
 f - 10 scrolls of revelation
 h - 14 scrolls of fog
 p - 3 scrolls of enchant weapon
 r - 2 scrolls of brand weapon
 v - 3 scrolls of summoning
 C - a scroll of silence
 D - 10 scrolls of teleportation
 H - 2 scrolls of vulnerability {!r}
 J - 4 scrolls of fear
 R - a scroll of enchant armour
 T - 2 scrolls of immolation {!r}
 U - 13 scrolls of blinking
Potions
 c - 5 potions of berserk rage {!q}
 g - 3 potions of cancellation
 j - 6 potions of heal wounds {@q2}
 k - 8 potions of enlightenment
 m - 5 potions of invisibility
 s - 4 potions of resistance
 u - 8 potions of attraction {!q}
 x - 18 potions of curing {@q1}
 z - 4 potions of magic
 B - 3 potions of mutation {!q}
 O - 9 potions of haste
 X - 5 potions of lignification {!q}
 Y - 3 potions of might
Miscellaneous
 q - a tin of tremorstones (2/2)
 I - a phantom mirror


   Skills:
 + Level 24.0 Fighting
 - Level 4.5(10.4) Short Blades
 - Level 15.6(16.0) Long Blades
 - Level 1.7 Throwing
 - Level 16.0 Armour
 * Level 24.0 Dodging
 - Level 20.0 Evocations


You had 24 spell levels left.
You didn't know any spells.
Your spell library contained the following spells:

 Spells                   Type           Power      Damage    Failure   Level
 Sting                    Conj/Alch      0%         1d3       58%         1
 Mercury Vapours          Alch/Air       0%         N/A       73%         2
 Anguish                  Hex/Necr       0%         N/A       100%        4
 Cause Fear               Hex            0%         N/A       100%        4
 Olgreb's Toxic Radiance  Alch           0%         N/A       100%        4
 Enfeeble                 Hex            0%         N/A       100%        7


Dungeon Overview and Level Annotations

Branches:
Dungeon (15/15)            Temple (1/1) D:6            Lair (5/5) D:11
 Shoals (4/4) Lair:2        Snake (4/4) Lair:3        Slime (0/5) Lair:5
    Orc (2/2) D:12            Elf (3/3) Orc:2        Vaults (4/5) D:13
  Crypt (0/3) Vaults:3     Depths (4/4) D:15            Zot (0/5) Depths:4
 WizLab (visited)

Altars:
Ashenzari
Cheibriados
Dithmenos
Elyvilon
Fedhas
Gozag
Hepliaklqana
Kikubaaqudgha
Makhleb
Nemelex Xobeh
Okawaru
Qazlal
Ru
Sif Muna
Trog
Uskayaw
Vehumet
Wu Jian
Xom
Yredelemnul
Zin
The Shining One
Beogh
Jiyva

Shops:
D:14 (   Orc:2 [[![*   Elf:2 :[   Shoals:1 :   Snake:2 !   Snake:3 ==:
Vaults:3 (=   Vaults:4 (?   Depths:1 *   Depths:2 !

Portals:
Hell: Depths:1 Depths:2 Depths:3 Depths:4
Abyss: Depths:3
Pandemonium: Depths:1 Depths:2 Depths:3 Depths:4
Ziggurat: Depths:2

Annotations:
D:7 exclusion: downstairs
D:12 3 runed translucent doors, exclusion: downstairs
Lair:2 exclusion: oklob plant
Lair:5 1 runed translucent door, flt's ghost, journeyman FoFi
Snake:3 3 runed translucent doors, tensugalgo's ghost, adept CoRe


Innate Abilities, Weirdness & Mutations

You can wield a second weapon in your off-hand.
It takes a long time for you to wield or remove held weapons.
Your first few attacks do less damage.
Your first movements take longer.
[You are very dopey. (Int -4)]
[Your spells are a little easier to cast, but a little less powerful.]


Message History

* * * LOW HITPOINT WARNING * * *
The acid corrodes you!
The starflower tentacle-slaps you but does no damage.
The starflower misses you. x2
The starflower tentacle-slaps you but does no damage.
The starflower completely misses you.
A starcursed mass splits.
You hit the starflower but do no damage.
You slice the starflower with your +9 double sword of freezing!!
You freeze the starflower. A chorus of shrieks assaults your mind.
* * * LOW HITPOINT WARNING * * *
The starflower misses you.
The starflower completely misses you. x3
The starflower misses you. The oklob plant spits acid at you.
The splash of acid hits you!!
* * * LOW HITPOINT WARNING * * *
The oklob plant spits acid at you. The splash of acid hits you!
* * * LOW HITPOINT WARNING * * *
You feel much better. The oklob plant spits acid at you.
The splash of acid hits you!!
* * * LOW HITPOINT WARNING * * *
The starflower misses you.
The starflower tentacle-slaps you from afar!
* * * LOW HITPOINT WARNING * * *
A chorus of shrieks assaults your mind.
* * * LOW HITPOINT WARNING * * *
The starflower completely misses you. x2
The starflower tentacle-slaps you but does no damage.
You feel much better. A chorus of shrieks assaults your mind.
* * * LOW HITPOINT WARNING * * *
The oklob plant spits acid at you. The splash of acid hits you!!
* * * LOW HITPOINT WARNING * * *
The acid corrodes you! The oklob plant spits acid at you.
The splash of acid hits you!
You die...

#. ◊.
░░░≣≣░≣░≣++
...░ß#.#♣#P#◊+
..≣#..X...∩#≣
..≣..#X♣.◊..≣
#◊░#.♣#P#..#≣
♣.░♣.P@φ.P.♣
♣.≣#..#.#♣.#≣ .
###◊≣P.◊.♣.#..≣
≣.♣.≣#∩......#≣
≣..◊)◊#.#♣#.#ß░
≣≣∩◊''≣░≣░≣≣≣░░
░#.◊◊.◊..◊
∩#..♣.♣♣≣
░P░░......


You could see 2 starcursed masses, 2 starflowers and 3 oklob plants.

Vanquished Creatures
  A dread lich (Depths:3)
  An ancient lich (Depths:3)
  Mara (Vaults:4)
  6 caustic shrikes
  Jorgrun (D:13)
  A tentacled monstrosity (Depths:4)
  4 liches
  The ghost of Yphese Lihe the Warrior, an adept MiFi of the Shining One (Elf:2)
  Mlioglotl (Snake:2)
  A titan (Depths:2)
  A walking frostbound tome (Depths:4)
  2 deep elf master archers (Elf:3)
  7 sphinxes
  5 deep elf blademasters
  Agnes (Snake:3)
  An ancient champion (WizLab)
  7 tentacled starspawn (Abyss:4)
  2 shadow dragons (Depths:4)
  Aizul (Snake:3)
  4 tengu reavers
  A storm dragon (Depths:4)
  10 fire giants
  6 deep elf sorcerers
  8 nagarajas
  10 frost giants
  3 balrugs
  8 vault wardens
  4 deep elf elementalists
  Louise (Elf:3)
  An angel (Abyss:4)
  A cacodemon (Depths:4)
  3 ghouls
  7 stone giants
  The ghost of Xaosyiw the Eclecticist, an adept DECj of Sif Muna (Depths:2)
  4 spriggan defenders
  2 formless jellyfish
  14 very ugly things
  A reaper (Depths:1)
  6 ironbound thunderhulks
  2 starflowers (Abyss:4)
  2 juggernaut skeletons
  A draconian annihilator (Depths:4)
  5 deep elf death magi
  16 ironbound preservers
  A lorocyproca (Depths:2)
  6 deep elf demonologists
  4 black draconians
  Nessos (Lair:5)
  A vampire knight (WizLab)
  A bunyip (Abyss:4)
  A bunyip (shapeshifter) (Depths:1)
  10 dire elephants
  11 deep elf annihilators
  3 yellow draconians (Depths:4)
  2 merfolk javelineers
  8 ettins
  A green death (Depths:3)
  3 merfolk impalers
  2 eidola (Abyss:4)
  An entropy weaver (Vaults:1)
  2 jiangshi (WizLab)
  5 fire dragons
  6 yaktaur captains
  2 vault guards
  8 great orbs of eyes
  A hell beast (Depths:4)
  3 deep elf high priests (Elf:3)
  5 rakshasas
  2 salamander tyrants
  10 spriggan air magi
  6 anacondas
  Erica (D:8)
  14 ice dragons
  5 ironbound frosthearts
  3 merfolk avatars
  2 boulder beetles
  3 catoblepae
  3 satyrs
  12 centaur warriors
  3 hydras
  4 merfolk aquamancers
  3 two-headed ogres
  30 dancing weapons
  2 death yaks
  20 naga warriors
  A death knight (Vaults:3)
  8 deep troll shamans
  2 alligator snapping turtles
  5 tengu warriors
  Urug (D:10)
  7 occultists
  4 hell hogs (Abyss:4)
  7 orc high priests
  8 naga sharpshooters
  3 sun demons
  3 vampire magi
  9 deep troll earth magi
  4 shock serpents
  3 thrashing horrors (Abyss:4)
  3 soul eaters
  5 spriggan berserkers
  21 deep elf knights
  6 skysharks
  10 hell knights
  A shadow wraith (Abyss:4)
  Nergalle (D:12)
  4 wretched stars (Abyss:4)
  A spatial maelstrom (Abyss:4)
  Sonja (Lair:5)
  A sea snake (shapeshifter) (Elf:1)
  5 iron trolls
  12 skeletal warriors
  2 salamander mystics
  A sixfirhy (Depths:2)
  A spark wasp zombie (Depths:1)
  A golden dragon zombie (WizLab)
  A swamp dragon (Lair:5)
  77 deep trolls
  A deep troll (shapeshifter) (Vaults:1)
  13 sea snakes
  A shadow demon (Depths:2)
  6 naga ritualists
  A lindwurm (shapeshifter) (Depths:2)
  10 mana vipers
  7 arcanists
  10 deep elf archers
  14 ironbound convokers
  Pikel (D:8)
  4 glowing orange brains
  6 orc knights
  23 harpies
  2 orange crystal statues
  12 necromancers
  20 deep elf pyromancers
  2 flayed ghosts
  16 lindwurms
  A tengu skeleton (Depths:2)
  3 phantasmal warriors
  20 fauns
  A shadow dragon skeleton (Depths:2)
  20 deep elf zephyrmancers
  An oklob plant (Abyss:4)
  28 ugly things
  2 stone giant zombies (WizLab)
  15 salamanders
  12 cyclopes
  A frost giant zombie (Vaults:2)
  2 wolf spiders
  35 black mambas
  A worldbinder (Abyss:4)
  16 manticores
  2 moths of wrath (Elf:2)
  4 merfolk sirens
  7 torpor snails
  8 guardian serpents
  7 water nymphs
  A meliai (shapeshifter) (D:13)
  22 naga magi
  18 vault sentinels
  A kobold blastminer (Orc:1)
  12 cane toads
  A frost giant skeleton (Depths:2)
  5 smoke demons
  3 gargoyles
  An unseen horror (D:11)
  Maggie (Lair:2)
  11 large abominations
  2 kobold demonologists
  5 rime drakes
  3 efreet
  10 tengu conjurers
  8 komodo dragons
  19 yaktaurs
  A freezing wraith (Abyss:4)
  A golden dragon simulacrum (WizLab)
  A spriggan skeleton (Depths:1)
  2 human skeletons
  An ancient zyme (Abyss:4)
  14 merfolk
  10 trolls
  6 wind drakes
  3 tyrant leeches (Lair:5)
  4 polar bears
  13 blink frogs
  A yaktaur skeleton (Vaults:3)
  18 hornets
  A glass eye (Depths:3)
  7 snapping turtles
  2 spriggan zombies
  A stone giant simulacrum (WizLab)
  A fire giant simulacrum (Depths:1)
  9 dream sheep
  4 shadows
  A spriggan (shapeshifter) (Elf:1)
  4 ynoxinuls (Abyss:4)
  14 water elementals
  40 slime creatures
  9 spriggans
  3 air elementals
  8 wraiths
  8 wyverns
  3 vampires (WizLab)
  55 yaks
  2 basilisks
  A basilisk (shapeshifter) (D:14)
  6 vampire mosquitoes
  3 wargs (Orc:1)
  A fire elemental (Elf:2)
  3 redbacks
  2 steam dragons
  A human simulacrum (Vaults:3)
  2 neqoxecs (Abyss:4)
  3 chaos spawn (Abyss:4)
  59 nagas
  A deep troll skeleton (WizLab)
  11 water moccasins
  A human zombie (Depths:2)
  2 two-headed ogre skeletons (WizLab)
  2 swamp drakes (Lair:5)
  6 acid dragons
  An ogre skeleton (Vaults:2)
  A sky beast (D:7)
  A black bear (shapeshifter) (D:15)
  35 orc warriors
  2 ice beasts
  2 ettin simulacra
  A glowing shapeshifter skeleton (Depths:2)
  13 wolves
  9 laughing skulls
  3 black bears
  8 small abominations (Abyss:4)
  8 ogres
  15 centaurs
  A phantom (D:5)
  2 lemures (D:8)
  4 elf zombies (Elf:1)
  2 weeping skulls (Abyss:4)
  7 kobold brigands
  14 bullfrogs
  6 gnoll sergeants
  A brain worm (Abyss:4)
  A cyclops zombie (WizLab)
  3 earth elementals (Elf:3)
  2 scorpions
  A glowing shapeshifter simulacrum (Depths:2)
  A two-headed ogre simulacrum (WizLab)
  10 wights
  13 killer bees
  4 howler monkeys
  3 electric eels
  A quasit (Abyss:4)
  7 hounds
  3 jellies
  2 gnoll boudas (D:9)
  26 orc priests
  23 starcursed masses (Abyss:4)
  6 iguanas
  A cyclops simulacrum (WizLab)
  A sleepcap (D:6)
  Jessica (D:3)
  15 orc wizards
  Robin (D:3)
  18 gnolls
  8 adders
  2 shadow imps
  3 white imps (Lair:5)
  An ufetubus (Abyss:4)
  A dart slug (D:5)
  77 orcs
  5 ball pythons
  3 endoplasms
  3 giant cockroaches
  12 goblins
  9 hobgoblins
  2 quokkas
  3 bats
  4 frilled lizards
  14 kobolds
  9 rats
  A lurking horror (Abyss:4)
  5 starspawn tentacles (Abyss:4)
1846 creatures vanquished.

Vanquished Creatures (collateral kills)
  2 antique champions (WizLab)
  Frances (D:13)
  A tentacled starspawn (Abyss:4)
  A fire giant (Depths:4)
  2 ironbound preservers (Vaults:1)
  A merfolk javelineer (Depths:4)
  An entropy weaver (Vaults:3)
  A ghost crab (Abyss:4)
  A spriggan air mage (Depths:4)
  4 centaur warriors
  A merfolk avatar (Shoals:4)
  A deep troll earth mage (Depths:4)
  8 deep trolls
  An ironbound convoker (Vaults:1)
  An arcanist (Vaults:1)
  2 necromancers (Vaults:3)
  A faun (Shoals:4)
  An ugly thing (Vaults:1)
  2 manticores
  A merfolk siren (Shoals:2)
  A vault sentinel (Vaults:1)
  A yaktaur (Vaults:1)
  A tengu conjurer (Depths:4)
  2 ancient zymes (Abyss:4)
  A merfolk (Shoals:2)
  A snapping turtle (Shoals:4)
  2 water elementals (Depths:4)
  A redback (Vaults:3)
  2 small abominations (Abyss:4)
  A centaur (Shoals:4)
  A starcursed mass (Abyss:4)
48 creatures vanquished.

Vanquished Creatures (others)
  A deep elf pyromancer (Elf:1)
  25 starspawn tentacles (Abyss:4)
26 creatures vanquished.

Grand Total: 1920 creatures vanquished

Notes
Turn   | Place    | Note
-------+----------+-------------------------------------------
     0 | D:1      | Kenran the Coglin Gladiator began the quest for the Orb.
     0 | D:1      | Reached XP level 1. HP: 16/16 MP: 1/1
   217 | D:1      | Reached XP level 2. HP: 21/22 MP: 2/2
   588 | D:1      | Identified a scroll of acquirement
   598 | D:1      | Reached XP level 3. HP: 27/27 MP: 3/3
   698 | D:2      | Found a faded altar of an unknown god.
  1591 | D:3      | Noticed Robin
  1675 | D:2      | Reached XP level 4. HP: 33/33 MP: 4/4
  1736 | D:3      | Killed Robin
  1737 | D:3      | Reached skill level 5 in Long Blades
  1812 | D:3      | Found a basalt altar of Yredelemnul.
  1960 | D:3      | Reached XP level 5. HP: 36/38 MP: 5/5
  1963 | D:3      | Identified the +0 helmet of Elotzati {+Blink Slay+2 SInv}
  2043 | D:3      | Noticed Jessica
  2046 | D:3      | Killed Jessica
  2307 | D:3      | Acquired 752 gold pieces
  2484 | D:4      | Identified the +8 dagger "Hoagedod" {venom, rF+}
  2499 | D:4      | Found an opulent altar of Gozag.
  2604 | D:4      | Found a sacrificial altar of Ru.
  2756 | D:4      | Reached XP level 6. HP: 44/44 MP: 6/6
  3184 | D:5      | Entered Level 5 of the Dungeon
  3551 | D:4      | Reached XP level 7. HP: 25/50 MP: 7/7
  4016 | D:5      | Found a sparkling altar of Nemelex Xobeh.
  4399 | D:6      | Found a staircase to the Ecumenical Temple.
  4426 | D:6      | Reached XP level 8. HP: 45/56 MP: 8/8
  4644 | D:6      | Reached skill level 10 in Long Blades
  4682 | Temple   | Entered the Ecumenical Temple
  4695 | Temple   | Became a worshipper of Trog the Wrathful
  4895 | D:6      | Reached skill level 1 in Evocations
  5285 | D:7      | Reached skill level 5 in Dodging
  5285 | D:7      | Reached XP level 9. HP: 61/61 MP: 9/9
  5389 | D:7      | Reached skill level 5 in Evocations
  5701 | D:8      | Reached * piety under Trog
  5794 | D:8      | Noticed a death yak
  5843 | D:8      | Found a shadowy altar of Dithmenos.
  6331 | D:8      | Noticed Erica
  6342 | D:8      | Killed Erica
  6343 | D:8      | Reached skill level 5 in Fighting
  6343 | D:8      | Reached XP level 10. HP: 74/74 MP: 10/10
  6450 | D:8      | Killed a death yak
  6651 | D:8      | Noticed Pikel
  6667 | D:8      | Killed Pikel
  7163 | D:9      | Reached skill level 1 in Armour
  7163 | D:9      | Reached XP level 11. HP: 45/79 MP: 11/11
  7164 | D:9      | Reached ** piety under Trog
  7312 | D:9      | Noticed a boulder beetle
  7329 | D:8      | Killed a boulder beetle
  7507 | D:9      | Reached skill level 5 in Armour
  7508 | D:9      | Noticed a two-headed ogre
  7555 | D:9      | Killed a two-headed ogre
  7593 | D:9      | Noticed a deep elf pyromancer
  7600 | D:9      | Killed a deep elf pyromancer
  8072 | D:9      | Paralysed by a hornet for 2 turns
  8430 | D:9      | Found an ancient bone altar of Kikubaaqudgha.
  8499 | D:10     | Entered Level 10 of the Dungeon
  8637 | D:10     | Identified the +5 dagger "Bibiemio" {venom, rN+}
  8807 | D:10     | Reached *** piety under Trog
  9245 | D:10     | Noticed an arcanist
  9251 | D:10     | Killed an arcanist
  9321 | D:10     | Reached XP level 12. HP: 76/95 MP: 10/12
  9735 | D:10     | Noticed a centaur warrior
  9829 | D:10     | Reached skill level 10 in Fighting
  9869 | D:10     | Noticed a centaur warrior
  9873 | D:10     | Killed a centaur warrior
  9877 | D:10     | Killed a centaur warrior
  9930 | D:10     | Noticed a centaur warrior
  9936 | D:10     | Killed a centaur warrior
  9977 | D:10     | Identified the +1 orcbow of Cheibriados's Respect {heavy,
                  | Int+4 Dex+3}
 10149 | D:10     | Noticed Urug
 10162 | D:10     | Killed Urug
 10513 | D:11     | Reached **** piety under Trog
 10650 | D:11     | Found a staircase to the Lair.
 10895 | D:11     | Reached skill level 10 in Dodging
 10900 | D:11     | Reached XP level 13. HP: 100/103 MP: 13/13
 11081 | D:11     | Acquired a manual of Dodging
 11826 | Lair:1   | Entered Level 1 of the Lair of Beasts
 12687 | Lair:2   | Noticed Maggie
 12695 | Lair:2   | Killed Maggie
 12838 | Lair:2   | Reached skill level 10 in Evocations
 13529 | Lair:3   | You are sucked into a shaft and drop 2 floors!
 13529 | Lair:5   | Entered Level 5 of the Lair of Beasts
 13536 | Lair:5   | Reached ***** piety under Trog
 13826 | Lair:3   | Reached XP level 14. HP: 107/113 MP: 14/14
 14075 | Lair:3   | Found a staircase to the Snake Pit.
 14897 | Lair:5   | Found a staircase to the Slime Pits.
 14902 | Lair:5   | Found a viscous altar of Jiyva.
 14905 | Lair:5   | Received a gift from Trog
 14936 | Lair:5   | Noticed Nessos
 14941 | Lair:5   | Killed Nessos
 15082 | Lair:5   | Noticed Sonja
 15140 | Lair:5   | Reached skill level 15 in Dodging
 15156 | Lair:5   | Found a runed translucent door.
 15158 | Lair:5   | Noticed flt's ghost (journeyman FoFi)
 15727 | Lair:5   | Killed Sonja
 16300 | D:12     | Found a staircase to the Orcish Mines.
 16447 | D:12     | Received a gift from Trog
 16484 | D:12     | Noticed Nergalle
 16497 | D:12     | Killed Nergalle
 16520 | D:12     | Found a runed translucent door.
 16521 | D:12     | Found a runed translucent door.
 16551 | D:12     | Found a runed translucent door.
 16589 | D:12     | Reached XP level 15. HP: 111/127 MP: 15/15
 16685 | D:12     | Reached skill level 15 in Fighting
 16955 | D:13     | Noticed Jorgrun
 17047 | D:13     | Found a hide-covered altar of Uskayaw.
 17194 | D:13     | Found a gate to the Vaults.
 17356 | D:13     | Killed Jorgrun
 17464 | D:13     | Noticed Frances
 17473 | D:13     | Killed Frances
 17760 | D:14     | Found Ulieppoqar's Weapon Shop.
 18389 | D:15     | Entered Level 15 of the Dungeon
 18403 | D:15     | Found a blossoming altar of Fedhas.
 19065 | D:15     | Found a staircase to the Depths.
 19424 | D:15     | Identified the +3 sling of Contention {heavy, rCorr MP-9
                  | Dex+5 Stlth+}
 19711 | Orc:1    | Entered Level 1 of the Orcish Mines
 19994 | Orc:2    | Entered Level 2 of the Orcish Mines
 20006 | Orc:2    | Received a gift from Trog
 20080 | Orc:2    | Found a roughly hewn altar of Beogh.
 20104 | Orc:2    | Reached ****** piety under Trog
 20137 | Orc:2    | Found Qita Masy's Assorted Antiques.
 20148 | Orc:2    | Bought a scroll of summoning for 266 gold pieces
 20148 | Orc:2    | Bought a scroll of blinking for 210 gold pieces
 20148 | Orc:2    | Bought a scroll of identify for 56 gold pieces
 20148 | Orc:2    | Bought a scroll of teleportation for 84 gold pieces
 20320 | Orc:2    | Found a staircase to the Elven Halls.
 20818 | Orc:2    | Reached skill level 10 in Armour
 21039 | Orc:2    | Reached XP level 16. HP: 128/136 MP: 16/16
 21094 | Orc:2    | Found Liarruet's Armour Boutique.
 21094 | Orc:2    | Found Liam's Distillery.
 21095 | Orc:2    | Found Inao's Armour Shop.
 21095 | Orc:2    | Found Zonkuj's Armour Boutique.
 21106 | Orc:2    | Bought a potion of heal wounds for 65 gold pieces
 21106 | Orc:2    | Bought a potion of heal wounds for 65 gold pieces
 21106 | Orc:2    | Bought a potion of haste for 130 gold pieces
 21106 | Orc:2    | Bought a potion of might for 52 gold pieces
 21106 | Orc:2    | Bought a potion of resistance for 130 gold pieces
 21529 | Snake:1  | Entered Level 1 of the Snake Pit
 22411 | Snake:2  | Noticed Mlioglotl
 22548 | Snake:2  | Identified the serpent talisman "Keoc Rak" {Str+5 Dex-3
                  | Stlth+}
 22548 | Snake:2  | Noticed Aizul
 22556 | Snake:2  | Killed Mlioglotl
 22560 | Snake:2  | Received a gift from Trog
 23425 | Snake:2  | Found Juunuol's Distillery.
 24110 | Snake:3  | Noticed a nagaraja
 24158 | Snake:3  | Killed a nagaraja
 24191 | Snake:3  | Killed Aizul
 24193 | Snake:3  | Received a gift from Trog
 24213 | Snake:3  | Noticed Agnes
 24220 | Snake:3  | Killed Agnes
 24276 | Snake:3  | Found a runed translucent gate.
 24276 | Snake:3  | Found a runed translucent gate.
 24276 | Snake:3  | Found a runed translucent gate.
 24276 | Snake:3  | Noticed tensugalgo's ghost (adept CoRe)
 24300 | Snake:3  | Identified the +7 sling of Dolausor {freeze, Dex+3}
 24362 | Snake:3  | Found Hiyh's Jewellery Boutique.
 24363 | Snake:3  | Found Durhiwni's Book Shoppe.
 24365 | Snake:3  | Found Pumez's Jewellery Boutique.
 24509 | Snake:3  | Reached XP level 17. HP: 77/144 MP: 8/17
 25072 | Snake:3  | Bought the ring of Vidwoug {rPois rF+ rN+} for 606 gold
                  | pieces
 25077 | Snake:3  | Bought the ring of the Scarab {rElec rN+ Will+ Int+3 Dex-3}
                  | for 648 gold pieces
 25158 | Snake:4  | Entered Level 4 of the Snake Pit
 25507 | Snake:4  | Found a stormy altar of Qazlal.
 25658 | Snake:4  | Received a gift from Trog
 25677 | Snake:4  | Found a blossoming altar of Fedhas.
 26429 | Snake:4  | Received a gift from Trog
 26836 | Snake:4  | Got a serpentine rune of Zot
 27040 | Shoals:1 | Entered Level 1 of the Shoals
 27320 | Shoals:1 | Reached XP level 18. HP: 155/155 MP: 6/18
 27433 | Shoals:1 | Found Joawenex's Book Boutique.
 27887 | Shoals:2 | Identified the +5 scimitar "Ogemoivu" {flame, *Corrode
                  | Will- Dex+7} (Trog gifted it to you on level 2 of the
                  | Shoals)
 27887 | Shoals:2 | Received a gift from Trog
 28243 | Shoals:2 | Identified the +8 flail of Recklessness {venom, Str+3}
 28566 | Shoals:3 | Reached skill level 1 in Short Blades
 28891 | Shoals:3 | Received a gift from Trog
 29460 | Shoals:4 | Entered Level 4 of the Shoals
 29743 | Shoals:4 | Reached skill level 15 in Long Blades
 29876 | Shoals:4 | Received a gift from Trog
 29914 | Shoals:4 | Got a barnacled rune of Zot
 30406 | Shoals:4 | Reached XP level 19. HP: 163/163 MP: 6/19
 30651 | Vaults:1 | Entered Level 1 of the Vaults
 30872 | Vaults:1 | Received a gift from Trog
 31254 | Vaults:1 | Paralysed by a formless jellyfish for 1 turns
 31944 | Vaults:1 | Received a gift from Trog
 32608 | Vaults:2 | Reached XP level 20. HP: 115/176 MP: 6/20
 32615 | Vaults:2 | Reached skill level 15 in Evocations
 32927 | Vaults:2 | Received a gift from Trog
 33383 | Abyss:4  | Found a corrupted altar of Lugonu.
 33383 | Abyss:4  | Found a corrupted altar of Lugonu.
 33383 | Abyss:4  | Cast into level 4 of the Abyss (vault warden)
 33419 | Abyss:4  | Paralysed by accursed screaming for 1 turns
 33428 | Abyss:4  | Paralysed by accursed screaming for 2 turns
 33433 | Abyss:4  | Paralysed by accursed screaming for 1 turns
 33464 | Abyss:4  | Found a corrupted altar of Lugonu.
 33726 | Vaults:2 | Escaped the Abyss
 34306 | Vaults:3 | Received a gift from Trog
 34327 | Vaults:3 | Found Uxong's Weapon Shoppe.
 34368 | Vaults:3 | Found Leis's Jewellery Emporium.
 34426 | Vaults:3 | Found a magical portal.
 34446 | WizLab   | Entered Zonguldrok's Shrine
 34896 | WizLab   | Noticed an antique champion
 34896 | WizLab   | Noticed an antique champion
 34911 | WizLab   | Killed an antique champion
 34916 | WizLab   | Killed an antique champion
 34926 | WizLab   | Identified the +4 kite shield "Ygguffan" {+Inv rC- Int+8
                  | Dex-2}
 34946 | WizLab   | Identified the +1 plate armour of Dull Surprise {rElec rC-
                  | Dex-3 Stlth+}
 35346 | Vaults:3 | Reached XP level 21. HP: 123/183 MP: 7/21
 35727 | Vaults:3 | Found a staircase to the Crypt.
 35840 | Vaults:3 | Received a gift from Trog
 36984 | Vaults:4 | Noticed Mara
 37001 | Vaults:4 | Killed Mara
 37452 | Vaults:4 | Found Buank's Weapon Boutique.
 37463 | Vaults:4 | Found Fybearph's Magic Scroll Boutique.
 37472 | Vaults:4 | Bought a scroll of fog for 64 gold pieces
 37472 | Vaults:4 | Bought a scroll of fog for 64 gold pieces
 37472 | Vaults:4 | Bought a scroll of teleportation for 48 gold pieces
 37472 | Vaults:4 | Bought a scroll of blinking for 120 gold pieces
 37555 | Vaults:4 | Identified the +5 ring mail of Lifelessness {-Tele rCorr
                  | Str+5 Dex-3}
 38078 | Orc:2    | Bought a +4 plate armour of fire resistance for 900 gold
                  | pieces
 38164 | Elf:1    | Entered Level 1 of the Elven Halls
 38249 | Elf:1    | Received a gift from Trog
 39032 | Elf:2    | Found Joakenk's Antique Armour Shoppe.
 39048 | Elf:2    | Bought a pair of glowing gloves for 255 gold pieces
 39081 | Elf:2    | Received a gift from Trog
 39225 | Elf:2    | Found a runed translucent gate.
 39225 | Elf:2    | Found a runed translucent gate.
 39225 | Elf:2    | Found a runed translucent gate.
 39227 | Elf:2    | Reached XP level 22. HP: 196/196 MP: 22/22
 39257 | Elf:2    | Found a transporter.
 39262 | Elf:2    | Found a transporter.
 39293 | Elf:2    | Found a bloodstained altar of Trog.
 39314 | Elf:2    | Found Miolor's Book Boutique.
 39342 | Elf:2    | Noticed Yphese Lihe's ghost (adept MiFi)
 39942 | Elf:3    | Entered Level 3 of the Elven Halls
 39960 | Elf:3    | Noticed Louise
 39972 | Elf:3    | Identified the +9 long sword of the Lesser Evil {heavy,
                  | Str+3 Dex+4 SInv} (Trog gifted it to you on level 3 of the
                  | Elven Halls)
 39972 | Elf:3    | Received a gift from Trog
 40132 | Elf:3    | Killed Louise
 40317 | Elf:3    | Received a gift from Trog
 40694 | Elf:3    | Identified the ring of the Screaming Gods {^Drain rPois rN+
                  | Str+6 Dex+2}
 40812 | Elf:3    | Paralysed by an air elemental for 1 turns
 40919 | Elf:3    | Identified the +8 dagger of Magnificence {elec, Will+
                  | Int+2}
 40935 | Elf:3    | Identified the +0 plate armour "Len Lewen" {Fly rElec
                  | Int+3}
 40944 | Elf:3    | Identified the +3 scale mail of Henotheism {Int+2 Dex+5}
 40949 | Elf:3    | Identified the +2 quarterstaff "Lugrureck" {flame, rElec
                  | Int+2}
 40955 | Elf:3    | Identified the +4 mace of the World {flame, rElec rF++}
 41400 | Depths:1 | Entered Level 1 of the Depths
 41419 | D:15     | Received a gift from Trog
 41537 | Depths:1 | Found a one-way gate leading to the halls of Pandemonium.
 41925 | Depths:1 | Reached XP level 23. HP: 133/207 MP: 23/23
 42022 | Depths:1 | Found a broken altar of Ashenzari.
 42103 | Depths:1 | Found Iplitram's Assorted Antiques.
 42108 | Depths:1 | Bought a scroll of fear for 128 gold pieces
 42108 | Depths:1 | Bought a scroll of teleportation for 96 gold pieces
 42385 | Depths:1 | Found a gateway to Hell.
 42742 | Elf:2    | Killed Yphese Lihe's ghost
 42861 | Elf:2    | Identified the ring "Maitz" {rCorr SInv}
 43139 | Depths:2 | Received a gift from Trog
 43191 | Depths:2 | Found a one-way gateway to a ziggurat.
 43301 | Depths:2 | Noticed Xaosyiw's ghost (adept DECj)
 43450 | Depths:2 | Noticed a caustic shrike
 43454 | Depths:2 | Killed a caustic shrike
 43457 | Depths:2 | Found Gewu's Distillery.
 43508 | Depths:2 | Bought a potion of curing for 48 gold pieces
 43508 | Depths:2 | Bought a potion of curing for 48 gold pieces
 43508 | Depths:2 | Bought a potion of heal wounds for 80 gold pieces
 43593 | Depths:2 | Identified the granite talisman of the Shishi {rN+}
 44275 | Depths:2 | Received a gift from Trog
 44461 | Depths:2 | Found a runed translucent door.
 44715 | Depths:2 | Killed Xaosyiw's ghost
 44901 | Depths:3 | Found a one-way gate to the infinite horrors of the Abyss.
 45111 | Depths:3 | Acquired the +3 cloak of a volcano {rC++}
 45249 | Depths:3 | Received a gift from Trog
 45447 | Depths:3 | Reached XP level 24. HP: 200/217 MP: 23/23
 45475 | Depths:3 | Found a shimmering blue altar of Sif Muna.
 45507 | Depths:3 | Noticed an ancient lich
 45509 | Depths:3 | Noticed a dread lich
 45522 | Depths:3 | Killed a dread lich
 45531 | Depths:3 | Killed an ancient lich
 45784 | Depths:3 | Received a gift from Trog
 45880 | Depths:4 | Entered Level 4 of the Depths
 46115 | Depths:4 | Identified the +1 hat of Truth {rElec rN+ Will++ Regen+}
 46596 | Depths:4 | Noticed a caustic shrike
 46598 | Depths:4 | Noticed a caustic shrike
 46598 | Depths:4 | Noticed a caustic shrike
 46600 | Depths:4 | Noticed a caustic shrike
 46603 | Depths:4 | Killed a caustic shrike
 46607 | Depths:4 | Noticed a caustic shrike
 46610 | Depths:4 | Killed a caustic shrike
 46612 | Depths:4 | Killed a caustic shrike
 46618 | Depths:4 | Killed a caustic shrike
 46619 | Depths:4 | Reached skill level 15 in Armour
 46623 | Depths:4 | Killed a caustic shrike
 46845 | Depths:4 | Received a gift from Trog
 46865 | Depths:4 | Identified the +4 hat of the Moon Troll {Harm rC+ Dex-3}
 46891 | Depths:4 | Found a radiant altar of Vehumet.
 46901 | Depths:4 | Identified the +1 hat of Divine Intervention {Int-2 Dex+4}
 46902 | Depths:4 | Identified the +0 hat of Gulam {rC+++ Will+ MP+9 Slay-5}
 46919 | Depths:4 | Identified the +2 hat of the Other Side {Harm rF- Dex+3
                  | Stlth+}
 46920 | Depths:4 | Identified the +0 hat of Mumblety Peg {rElec Dex+4}
 47149 | Depths:4 | Found a gate to the Realm of Zot.
 47228 | Depths:3 | Voluntarily entered the Abyss.
 47634 | Abyss:4  | Found a corrupted altar of Lugonu.
 47641 | Abyss:4  | Found a corrupted altar of Lugonu.
 47694 | Abyss:4  | Paralysed by accursed screaming for 2 turns
 47700 | Abyss:4  | Paralysed by accursed screaming for 1 turns
 47721 | Abyss:4  | Paralysed by accursed screaming for 1 turns
 47770 | Abyss:4  | Reached XP level 25. HP: 96/223 MP: 23/23
 47773 | Abyss:4  | HP: 11/223 [starcursed mass/accursed screaming (7)]
 47774 | Abyss:4  | Killed from afar by an oklob plant

Illustrated notes

Levels and vault maps discovered:
D:1:      lemuel_arrival_behind_the_door_large, layout_basic, minmay_cut_off
D:2:      layout_loops_corners, ebering_ecumenical_altar_petrified
D:3:      layout_rooms, mainiacjoe_overflow_paths, grunt_ministairs_12,
          grunt_decor_junction, kennysheep_boxes, uniq_jessica, uniq_robin
D:4:      layout_loops_cross, nicolae_ru_sacrificial_ziggurat,
          lemuel_doored_altar, chequers_serial_rivers_micro_e,
          kennysheep_generic_room_7
D:5:      layout_loops_ring, mainiacjoe_overflow_surrounded_room
D:6:      layout_loops_ring, minmay_temple_entry_waves
D:7:      layout_rooms
D:8:      argonaut_augean_stables, layout_loops_ring,
          nicolae_dithmenos_shadow_blocks, minivault_22, uniq_pikel, uniq_erica
D:9:      cheibrodos_ideogram_h, layout_irregular_city, marbit_many_paths
D:10:     minmay_the_grid_octo_triangle [minmay_the_grid_octo_clover_2,
          minmay_the_grid_octo_prize_single_spiral, minmay_the_grid_octo_77],
          layout_loops_corners, uniq_urug
D:11:     layout_basic, erik_lair_island
D:12:     layout_roguey, kennysheep_orc_monster_closet_entryway,
          mikee_hates_you, uniq_nergalle
D:13:     layout_roguey, david_vaults_5, eat_drink_and_be_merry_uskayaw,
          uniq_jorgrun, uniq_frances
D:14:     layout_stronghold, serial_shops, nicolae_shop_advertising_works
          [nicolae_subvault_shop_adworks]
D:15:     hangedman_depths_entry_try_elsewhere_first, layout_stronghold,
          fedhas_altar_1
Temple:   eino_temple_scatter_basement
Lair:1:   layout_long_grid, beast_lair_carwin_11
Lair:2:   layout_regular_city, nicolae_shoals_entry_flooding,
          grunt_forest_stairs_clearing, grunt_megastairs_3,
          infiniplex_staircase_pool_2, uniq_maggie
Lair:3:   layout_big_grid, alex1729_snake_entry_snake,
          infiniplex_staircase_pool, lemuel_fruit_tree, serial_bayou_shore_b
Lair:4:   layout_gridlike, serial_bayou_shore_b
Lair:5:   wormcave, layout_misc_corridors, guppyfry_lair_end_dragon,
          slime_entry_1, gammafunk_ghost_grave, bobbens_ice_dragon_lair,
          uniq_nessos, uniq_sonja
Shoals:1: cheibrodos_shoals_epimethial_gifts, layout_shoals, serial_shops,
          nicolae_shop_tiny_glass
Shoals:2: layout_shoals
Shoals:3: layout_shoals
Shoals:4: shoals_end_grunt_garden, layout_shoals, nicolae_shoals_shepherds
Snake:1:  layout_cave_pods
Snake:2:  layout_layer_cave, nrook_guardian_serpent_double, minmay_shop_star,
          uniq_aizul, uniq_mlioglotl
Snake:3:  layout_misc_corridors, gammafunk_ghost_necromancy, minmay_shop_grove,
          uniq_agnes
Snake:4:  minmay_snake_end_coiled, layout_misc_corridors, grunt_ministairs_13,
          hangedman_feature_mirror
Orc:1:    layout_caves
Orc:2:    st_orc_pillars, layout_caves, basic_altar, serial_shops,
          nicolae_shop_overgrown_old_shop
Elf:1:    layout_loops_cross, minmay_elf_necromancy
Elf:2:    elven_hall_of_blades_hangedman_original [nicolae_blade_little_rooms],
          layout_loops_cross, serial_shops, nicolae_shop_behind_doors,
          nicolae_shop_trees, gammafunk_ghost_wrathful_warriors, corner_web_ring
Elf:3:    minmay_elf_hall_curves, layout_rooms, minivault_15, uniq_louise
Vaults:1: v_misc_26, dpeg_vaults_monster_doublerow, nicolae_vaults_network_star,
          vaults_room_large_hall, v_misc_3, grunt_vaults_trifunnel,
          hangedman_vaults_impose, vaults_standard_mumra_x, vaults_dpeg_cross,
          nicolae_vaults_surprise_closet, nicolae_vaults_tetromino_T_1,
          nicolae_vaults_trapezoid_2, nicolae_vaults_diagonal_hallway_8,
          layout_vaults_ring
Vaults:2: v_misc_17, nicolae_vaults_more_shelving_2,
          nicolae_vaults_network_square, v_misc_26,
          nicolae_vaults_three_branches, ontoclasm_vaults_chip,
          nicolae_vaults_heart-shaped_vault, layout_vaults_quadrants
Vaults:3: mu_enter_wizlab_5, nicolae_vaults_bisected_inception,
          nicolae_vaults_offset_grid_hallway_3, minmay_crypt_entry_simple_plaza,
          nicolae_vaults_double_plus_3, nicolae_vaults_quartermaster,
          vaults_mumra_hexcomb, ontoclasm_vaults_ring_square,
          nicolae_vaults_storage_room_water, nicolae_vaults_little_squares_1,
          ontoclasm_vaults_twist, grunt_vaults_swirl, ontoclasm_vaults_ligature,
          layout_vaults_omnicross, serial_shops, nicolae_shop_back_alley_shop,
          shop
Vaults:4: v_rooms_2, v_alt_pattern_6, serial_library_hellmonk_big_corner,
          nicolae_vaults_network_quinsquares
          [nicolae_vaults_network_quincunx_subvault,
          nicolae_vaults_network_quincunx_subvault,
          nicolae_vaults_network_quincunx_subvault,
          nicolae_vaults_network_quincunx_subvault],
          ontoclasm_vaults_ring_square, ontoclasm_vaults_hangar,
          ontoclasm_vaults_decontamination, v_misc_9, v_misc_11,
          hangedman_vaults_corner_blocks, dpeg_vaults_monster_box,
          nicolae_vaults_little_squares_1, layout_vaults_omnibox, serial_shops,
          nicolae_lakefront_shop, shop, uniq_mara
Depths:1: layout_cave_shapes, cheibrodos_ashenzari_chains, serial_shops,
          kennysheep_little_box, grunt_pan_entry_spiral, pf_coc_iceberg,
          nicolae_letterblocks [nicolae_letter_subblock,
          nicolae_letter_subblock, nicolae_letter_subblock,
          nicolae_letter_subblock, nicolae_letter_subblock,
          nicolae_letter_subblock, nicolae_letter_subblock,
          nicolae_letter_subblock, nicolae_letter_subblock,
          nicolae_letter_subblock, nicolae_letter_subblock,
          nicolae_letter_subblock, nicolae_letter_subblock,
          nicolae_letter_subblock, nicolae_letter_subblock,
          nicolae_letter_subblock, nicolae_letter_subblock,
          nicolae_letter_subblock, nicolae_letter_subblock,
          nicolae_letter_subblock, nicolae_letter_subblock,
          nicolae_letter_subblock, nicolae_letter_subblock,
          nicolae_letter_subblock, nicolae_letter_subblock]
Depths:2: nicolae_hexawheel, layout_basic, ziggurat_fallback,
          hellmonk_ghost_happy_afterlife, lightli_too_deep, serial_shops,
          nicolae_shop_trees, grunt_pan_entry_zigzag, minmay_crystal_room
Depths:3: evilmike_library_of_no_secrets, layout_gridlike, hell_entry,
          abyss_entry_crystal, grunt_pan_entry_in_and_out
Depths:4: grunt_bruiser_brothers, layout_cave_pools, minmay_misc_feat_columns,
          serial_bayou, serial_bayou_shore_b, serial_bayou_lagoon_b,
          serial_bayou_pond_c, serial_bayou_pond_e, hell_entry,
          grunt_pan_entry_sceptre, nicolae_kite_square_tiling_tiny,
          minivault_16, grunt_tower_of_power
Abyss:4:  base: D:3, base: D:14, base: D:11,
          evilmike_nicolae_abyss_rune_betentacled_crabyss,
          spicy_abyss_planar_alliance, base: Crypt:2, spicy_pingpong_abyss_rune,
          spicy_pingpong_abyss_rune

Skill      XL: |  1  2  3  4  5  6  7  8  9 10 11 12 13 14 15 16 17 18 19 20 21 22 23 24 |
---------------+-------------------------------------------------------------------------+-----
Long Blades    | 4 5 6 7 9 10 11 14 15 | 15.6
Dodging        | 5 6 10 13 15 16 17 19 20 21 22 24 | 24.0
Evocations     | 4 5 6 10 12 14 15 16 20 | 20.0
Fighting       | 5 9 10 11 14 15 16 17 20 22 23 24 | 24.0
Armour         | 1 6 10 13 16 | 16.0
Short Blades   | 4 |  4.5
Throwing       | |  1.7

Action                     |  1- 3 |  4- 6 |  7- 9 | 10-12 | 13-15 | 16-18 | 19-21 | 22-24 | 25-27 || total
---------------------------+-------+-------+-------+-------+-------+-------+-------+-------+-------++-------
  Melee: Long sword        |    67 |    96 |   170 |       |       |       |       |       |       ||   333
         Dagger            |     6 |    92 |   170 |   293 |   976 |  1181 |  1252 |       |       ||  3970
         Scimitar          |       |       |       |   322 |  1021 |   744 |       |       |       ||  2087
         Unarmed           |       |       |       |    10 |       |       |       |       |       ||    10
         Demon blade       |       |       |       |       |       |   522 |  1454 |  1032 |     1 ||  3009
         Double sword      |       |       |       |       |       |       |   116 |  1086 |     1 ||  1203
  Throw: Throwing net      |       |       |     2 |     1 |       |       |       |       |       ||     3
 Invoke: Berserk           |       |       |       |     3 |     3 |     4 |     2 |     1 |       ||    13
         Trog's Hand       |       |       |       |       |       |     6 |     6 |     7 |       ||    19
         Brothers in Arms  |       |       |       |       |       |     6 |     4 |     5 |       ||    15
  Evoke: Wand              |       |       |     1 |     5 |     7 |     1 |       |     3 |       ||    17
         Phantom mirror    |       |       |       |       |     1 |       |       |       |       ||     1
    Use: Scroll            |     4 |     6 |     2 |     7 |     8 |    13 |     9 |     8 |       ||    57
         Potion            |       |     2 |     1 |     2 |     1 |     7 |     3 |     5 |     2 ||    23
   Stab: Sleeping          |       |     1 |       |       |       |       |     5 |       |       ||     6
         Distracted        |       |       |       |       |     5 |     2 |     6 |     4 |       ||    17
         Invisible         |       |       |       |       |       |     3 |       |     3 |       ||     6
         Fleeing           |       |       |       |       |       |       |     2 |       |       ||     2
 Armour: Leather armour    |    42 |    64 |       |       |       |       |       |       |       ||   106
         Scale mail        |       |     8 |   100 |   147 |       |       |       |       |       ||   255
         Skin              |       |       |       |     2 |       |       |       |       |       ||     2
         Troll leather arm |       |       |       |    63 |    40 |       |       |       |       ||   103
         Swamp dragon scal |       |       |       |       |   377 |   563 |   560 |   522 |    14 ||  2036
  Dodge: Dodged            |    73 |    57 |    85 |   217 |   803 |  1506 |  1422 |  1358 |    15 ||  5536

Table legend: (Time is in decaauts)
 A = Elapsed time spent in this place.
 B = Non-inter-level travel time spent in this place.
 C = Inter-level travel time spent in this place.
 D = Time resting spent in this place.
 E = Time spent auto-exploring this place.
 F = Levels seen in this place.
 G = Mean time per level.
                   A        B        C        D        E       F      G
               +--------+--------+--------+--------+--------+-----+--------+
         Total |  48062 |  44528 |   3534 |   7899 |  23909 |  45 | 1068.0 |
       Dungeon |  16235 |  14653 |   1582 |   2905 |   8696 |  15 | 1082.3 |
        Temple |     27 |      2 |     25 |      0 |      0 |   1 |   27.0 |
          Lair |   4722 |   4300 |    422 |    275 |   2802 |   5 |  944.4 |
        Shoals |   3627 |   3497 |    130 |    518 |   1633 |   4 |  906.8 |
     Snake Pit |   5372 |   5123 |    249 |   1261 |   2411 |   4 | 1343.0 |
  Orcish Mines |   1897 |   1540 |    357 |    167 |    822 |   2 |  948.5 |
   Elven Halls |   3442 |   3172 |    270 |    551 |   1531 |   3 | 1147.3 |
        Vaults |   6126 |   5865 |    261 |   1047 |   3237 |   4 | 1531.5 |
        Depths |   5253 |   5019 |    234 |    890 |   2582 |   4 | 1313.2 |
         Abyss |    832 |    832 |      0 |    229 |     71 |   2 |  416.0 |
        Wizlab |    523 |    523 |      0 |     54 |    122 |   1 |  523.0 |
               +--------+--------+--------+--------+--------+-----+--------+

Top non-repeatable levels by time:
    D:10: 1899 daAuts
     D:8: 1866 daAuts
Vaults:1: 1670 daAuts
Vaults:4: 1579 daAuts
Depths:2: 1531 daAuts
 Snake:4: 1527 daAuts
Vaults:2: 1495 daAuts
 Snake:2: 1459 daAuts
   Orc:2: 1388 daAuts
    D:11: 1383 daAuts
Vaults:3: 1382 daAuts
  Lair:5: 1324 daAuts
   Elf:2: 1324 daAuts
     D:4: 1293 daAuts
    D:15: 1259 daAuts
